 Dungeon Crawl Stone Soup version 0.30-a0-748-ge6a52f7cba (webtiles) character file.

Game seed: 7169824891392927172

38440 karrick the Cleaver (level 14, -3/90 HPs)
             Began as a Gargoyle Fighter on Feb 9, 2023.
             Was a High Priest of Okawaru.
             Slain by a polar bear (23 damage)
             ... on level 5 of the Lair of Beasts.
             The game lasted 00:24:49 (13096 turns).

karrick the Cleaver (Gargoyle Fighter)             Turns: 13096, Time: 00:24:50

Health: -3/90      AC: 26    Str: 19    XL:     14   Next: 2%
Magic:  19/19      EV: 20    Int: 11    God:    Okawaru [*****.]
Gold:   1107       SH:  6    Dex: 13    Spells: 13/13 levels left

rFire   . . .      SeeInvis .    y - +4 hand axe (freeze)
rCold   . . .      Faith    .    c - +0 buckler
rNeg    + . .      Spirit   .    Y - +4 ring mail
rPois   ∞          Reflect  .    I - +0 helmet
rElec   +          Harm     .    P - scarf {repulsion}
rCorr   .          Rampage  .    b - +0 pair of gloves
Will    +....                    R - +1 pair of boots {Stlth+}
Stlth   ++++                     g - amulet of regeneration
HPRegen 1.15/turn                w - +5 ring of evasion
MPRegen 0.16/turn                x - +5 ring of evasion

@: flying, repel missiles
A: sickness immunity, AC +10, big wings, negative energy resistance 1,
electricity resistance, torment resistance 1, petrification resistance
a: Renounce Religion, Heroism, Finesse, Duel


You were on level 5 of the Lair of Beasts.
You worshipped Okawaru.
Okawaru was extremely pleased with you.
You visited 3 branches of the dungeon, and saw 16 of its levels.

You collected 1162 gold pieces.
You spent 55 gold pieces at shops.

Inventory:

Hand Weapons
 y - a +4 hand axe of freezing (weapon)
 M - a +5 flail
 S - a +1 scimitar of flaming
 X - a +0 war axe of draining
Missiles
 n - 12 boomerangs (quivered)
 L - a silver javelin
Armour
 b - a +0 pair of gloves (worn)
 c - a +0 buckler (worn)
 D - the +0 chain mail of the Shore {MP+9 Int+3 SInv}
   (You found it on level 6 of the Dungeon)

   Int:       It affects your intelligence (+3).
   MP:        It affects your magic capacity (+9).
   SInv:      It lets you see invisible.
 I - a +0 helmet (worn)
 P - a scarf of repulsion (worn)
 R - a +1 pair of boots of stealth (worn)
 W - a +1 pair of boots of rampaging
 Y - a +4 ring mail (worn)
Jewellery
 g - an amulet of regeneration (around neck)
 w - a +5 ring of evasion (left hand)
 x - a +5 ring of evasion (right hand)
 K - a ring of see invisible
 Q - a ring of flight
 T - an amulet of guardian spirit
Wands
 H - a wand of flame (11)
 Z - a wand of roots (4)
Scrolls
 a - a scroll of silence {unknown}
 h - 2 scrolls of immolation
 i - a scroll of poison {unknown}
 m - a scroll of vulnerability
 p - 7 scrolls of blinking
 q - 7 scrolls of teleportation
 r - 3 scrolls of fog
 s - a scroll of butterflies
 v - a scroll of enchant weapon
 z - 2 scrolls of identify
 A - a scroll of fear
 B - 2 scrolls of magic mapping
 E - a scroll of acquirement
 G - 2 scrolls of enchant armour
 O - 2 scrolls of torment
Potions
 d - 5 potions of lignification {unknown}
 e - 8 potions of flight {unknown}
 f - a potion of might
 j - 3 potions of magic {unknown}
 k - a potion of cancellation {unknown}
 l - 3 potions of resistance
 o - 6 potions of curing {unknown}
 t - 2 potions of berserk rage {unknown}
 u - 4 potions of ambrosia {unknown}
 C - 2 potions of brilliance {unknown}
 F - a potion of haste
 J - 5 potions of mutation {unknown}
 N - 3 potions of attraction {unknown}
 U - a potion of heal wounds
 V - a potion of degeneration {unknown}


   Skills:
 + Level 11.2 Fighting
 + Level 2.9 Long Blades
 + Level 13.8 Axes
 + Level 9.8 Armour
 + Level 8.8 Stealth
 + Level 9.9 Shields
 * Level 7.9 Invocations
 + Level 1.0 Evocations


You had 13 spell levels left.
You didn't know any spells.
Your spell library contained the following spells:

 Spells                   Type           Power      Damage    Failure   Level
 Sting                    Tmut/Pois      0%         1d3       56%         1
 Ensorcelled Hibernation  Hex/Ice        0%         N/A       71%         2
 Lesser Beckoning         Tloc           0%         N/A       71%         2
 Passwall                 Tmut/Erth      0%         N/A       71%         2
 Poisonous Vapours        Pois/Air       0%         N/A       71%         2
 Frozen Ramparts          Ice            0%         1d1       90%         3
 Gell's Gravitas          Tloc           0%         N/A       90%         3
 Hailstorm                Conj/Ice       0%         3d3       90%         3
 Ignite Poison            Fire/Tmut/Pois 0%         N/A       90%         3
 Swiftness                Air            0%         N/A       90%         3
 Teleport Other           Tloc           0%         N/A       90%         3
 Ice Form                 Ice/Tmut       0%         N/A       100%        4
 Olgreb's Toxic Radiance  Pois           0%         N/A       100%        4
 Passage of Golubria      Tloc           0%         N/A       100%        4
 Sticky Flame             Conj/Fire      0%         2d3       100%        4
 Yara's Violent Unravell  Hex/Tmut       0%         3d3       100%        5
 Dispersal                Tloc           0%         N/A       100%        6
 Ignition                 Fire           0%         3d3       100%        8
 Tukima's Dance           Hex            Unusable   N/A       N/A         3
 Summon Ice Beast         Ice/Summ       Unusable   N/A       N/A         4
 Simulacrum               Ice/Necr       Unusable   N/A       N/A         6

Dungeon Overview and Level Annotations

Branches:
Dungeon (10/15)            Temple (1/1) D:5            Lair (5/5) D:8
  Swamp (0/4) Lair:2       Spider (0/4) Lair:3        Slime (0/5) Lair:5
    Orc: D:9-12

Altars:
Ashenzari
Cheibriados
Dithmenos
Elyvilon
Fedhas
Gozag
Hepliaklqana
Kikubaaqudgha
Makhleb
Nemelex Xobeh
Okawaru
Qazlal
Ru
Sif Muna
Trog
Uskayaw
Vehumet
Wu Jian
Xom
Yredelemnul
Zin
The Shining One
Jiyva

Shops:
D:5 (   D:7 (*=:

Annotations:
Lair:3 Josephine


Innate Abilities, Weirdness & Mutations

You are immune to sickness and miasma.
Your stone body is resilient. (AC +10)
You are immune to poison.
Your large and strong wings let you fly.
You resist negative energy. (rN+)
You are resistant to electric shocks. (rElec)
You are resistant to unholy torment.
You are immune to petrification.


Message History

The polar bear claws you but does no damage.
The polar bear claws you.
You slash the polar bear! You freeze the polar bear.
The polar bear is severely wounded.
You barely miss the polar bear. You hit the polar bear.
The polar bear is severely wounded.
You slash the polar bear! You freeze the polar bear.
The polar bear completely misses you. The polar bear closely misses you.
The polar bear claws you but does no damage.
The polar bear goes berserk!
You closely miss the polar bear.
The polar bear is severely wounded.
You hit the polar bear. The polar bear barely misses you.
The polar bear closely misses you. You block the polar bear's attack.
The polar bear bites you!
* * * LOW HITPOINT WARNING * * *
You block the polar bear's attack.
The polar bear claws you but does no damage.
You slash the polar bear! You freeze the polar bear.
The polar bear is almost dead.
You hit the polar bear. The polar bear bites you.
* * * LOW HITPOINT WARNING * * *
The polar bear closely misses you.
The polar bear claws you but does no damage.
You block the polar bear's attack. The polar bear barely misses you.
You block the polar bear's attack.
You barely miss the polar bear.
The polar bear is almost dead.
You hit the polar bear.
You kill the polar bear!
Okawaru accepts your kill. You block the polar bear's attack.
The polar bear misses you. The polar bear barely misses you.
You barely miss the polar bear.
The polar bear is almost dead.
You barely miss the polar bear.
The polar bear is almost dead.
The polar bear bites you!!
You die...

#h ##.#. ... ##..... !...
###.... #!... .....
#....#####..#
#.!..##..#######
#....#..††#...#.#### #
#......h†#†h.†....#...#####
.h###..h.#@#............#P.
. #/...#.##.#.#.#.....#..#
##..#P##########...#....
##.## ####..†.. ## ##.†...
##...... #...P... ###
########## #.......
###P####.##.##..####<.#.#.


You could see a polar bear (berserk).

Vanquished Creatures
  A ghost crab (Lair:2)
  5 hydras
  A boulder beetle (Lair:4)
  Erica (D:9)
  3 two-headed ogres
  A lindwurm (Lair:5)
  9 elephants
  3 black mambas
  A torpor snail (Lair:5)
  10 cane toads
  Maggie (D:8)
  Psyche (D:8)
  A rime drake (Lair:3)
  11 komodo dragons
  A hornet (D:10)
  7 blink frogs
  9 polar bears
  A raiju (Lair:5)
  Sigmund (D:3)
  3 wraiths
  A vampire (D:9)
  32 yaks
  2 spectral komodo dragons (Lair:2)
  2 steam dragons
  3 vampire mosquitoes (D:10)
  4 basilisks
  2 wargs (Lair:5)
  Menkaure (D:5)
  2 spectral cane toads (Lair:2)
  2 acid dragons
  6 hell hounds (Lair:5)
  14 water moccasins
  A spectral blink frog (Lair:2)
  5 orc warriors
  A sky beast (D:7)
  2 ice beasts
  16 black bears
  20 wolves
  8 centaurs
  A phantom (D:4)
  A spectral rime drake (Lair:2)
  4 kobold brigands
  11 bullfrogs
  A necrophage (D:7)
  3 gnoll sergeants
  3 scorpions
  6 wights
  A spectral wolf (Lair:2)
  5 howler monkeys
  4 orc priests
  2 hounds
  2 iguanas
  13 orc wizards
  14 gnolls
  7 adders
  3 white imps
  2 worms (D:2)
  2 dart slugs
  37 orcs
  2 bats
  9 endoplasms
  10 giant cockroaches
  6 goblins
  6 hobgoblins
  2 quokkas
  6 ball pythons
  5 frilled lizards
  18 kobolds
  4 rats
385 creatures vanquished.

Vanquished Creatures (others)
  A yak (Lair:2)
  An orc wizard (D:9)
  29 fungi
  50 plants
81 creatures vanquished.

Grand Total: 466 creatures vanquished

Notes
Turn   | Place    | Note
-------+----------+-------------------------------------------
     0 | D:1      | karrick the Gargoyle Fighter began the quest for the Orb.
     0 | D:1      | Reached XP level 1. HP: 14/14 MP: 1/1
   194 | D:1      | Reached XP level 2. HP: 19/19 MP: 2/2
   302 | D:1      | Reached skill level 2 in Axes
   589 | D:2      | You fall into a shaft and drop 2 floors!
   617 | D:4      | Noticed a howler monkey
   634 | D:4      | Killed a howler monkey
   635 | D:4      | Reached XP level 3. HP: 21/24 MP: 3/3
   635 | D:4      | Reached XP level 4. HP: 26/29 MP: 4/4
   659 | D:4      | Reached skill level 3 in Axes
  1007 | D:2      | Reached XP level 5. HP: 33/33 MP: 5/5
  1034 | D:2      | Found a faded altar of an unknown god.
  1495 | D:3      | Reached skill level 4 in Axes
  1789 | D:3      | Noticed Sigmund
  1961 | D:3      | Reached XP level 6. HP: 26/38 MP: 6/6
  2125 | D:3      | Reached skill level 5 in Axes
  2128 | D:3      | Reached XP level 7. HP: 30/43 MP: 7/7
  2389 | D:5      | Entered Level 5 of the Dungeon
  2405 | D:5      | Reached skill level 5 in Armour
  2460 | D:5      | Reached skill level 6 in Axes
  2487 | D:5      | Reached XP level 8. HP: 46/48 MP: 8/8
  2541 | D:5      | Noticed Menkaure
  2551 | D:5      | Killed Menkaure
  2643 | D:5      | Reached skill level 5 in Fighting
  2846 | D:5      | Found a staircase to the Ecumenical Temple.
  2854 | Temple   | Entered the Ecumenical Temple
  3468 | D:5      | Found Econe's Weapon Boutique.
  3733 | D:6      | Reached skill level 7 in Axes
  3733 | D:6      | Reached skill level 5 in Shields
  3926 | D:6      | Reached XP level 9. HP: 53/54 MP: 9/9
  3927 | D:6      | Identified the +0 chain mail of the Shore {MP+9 Int+3 SInv}
  4467 | D:3      | Killed Sigmund
  5075 | D:7      | Found Recvides's General Store.
  5075 | D:7      | Found Daaniepseh's Jewellery Shoppe.
  5116 | D:7      | Bought a scroll of identify for 22 gold pieces
  5116 | D:7      | Bought a scroll of teleportation for 33 gold pieces
  5298 | D:7      | Found Zoehog's Book Boutique.
  5491 | D:7      | Reached skill level 8 in Axes
  5800 | D:7      | Found Caonoubo's Weapon Shoppe.
  5989 | D:8      | Noticed a two-headed ogre
  6017 | D:8      | Killed a two-headed ogre
  6018 | D:8      | Reached skill level 9 in Axes
  6018 | D:8      | Reached XP level 10. HP: 61/61 MP: 10/10
  6043 | D:8      | Noticed Psyche
  6073 | D:8      | Killed Psyche
  6314 | D:8      | Noticed Maggie
  6358 | D:9      | Noticed a skeletal warrior
  6358 | D:9      | Noticed a boulder beetle
  6360 | D:9      | Noticed a centaur warrior
  6391 | D:9      | Noticed a wizard
  6408 | D:9      | Noticed a manticore
  6589 | D:9      | Noticed Erica
  6616 | D:9      | Killed Erica
  6671 | D:9      | Noticed a death drake
  6672 | D:9      | Noticed a boulder beetle
  6696 | D:9      | Noticed a sea snake
  6735 | D:9      | Reached skill level 10 in Axes
  6798 | D:9      | Noticed a two-headed ogre
  6810 | D:10     | Entered Level 10 of the Dungeon
  6923 | D:10     | Noticed a two-headed ogre
  6935 | D:10     | Killed a two-headed ogre
  6936 | D:10     | Reached XP level 11. HP: 68/68 MP: 11/11
  7388 | D:9      | Killed a two-headed ogre
  7748 | D:8      | Killed Maggie
  7792 | D:8      | Found an iron altar of Okawaru.
  7799 | D:8      | Became a worshipper of Warmaster Okawaru
  7817 | D:8      | Reached skill level 1 in Evocations
  8014 | D:8      | Reached skill level 11 in Axes
  8014 | D:8      | Reached skill level 1 in Invocations
  8191 | D:8      | Found a staircase to the Lair.
  8202 | Lair:1   | Entered Level 1 of the Lair of Beasts
  8217 | Lair:1   | Reached * piety under Okawaru
  8363 | Lair:1   | Reached skill level 5 in Stealth
  8374 | Lair:1   | Reached ** piety under Okawaru
  8587 | Lair:1   | Reached *** piety under Okawaru
  8598 | Lair:1   | Reached XP level 12. HP: 73/76 MP: 14/14
  8753 | D:8      | Reached skill level 12 in Axes
  9097 | Lair:1   | Found a glowing silver altar of Zin.
  9328 | Lair:2   | Reached **** piety under Okawaru
  9543 | Lair:2   | Identified a scroll of acquirement
  9581 | Lair:2   | Reached skill level 5 in Invocations
  9611 | Lair:2   | Reached ***** piety under Okawaru
  9787 | Lair:2   | Noticed a ghost crab
  9790 | Lair:2   | Received a gift from Okawaru
  9854 | Lair:3   | Noticed a four-headed hydra
  9862 | Lair:3   | Killed a one-headed hydra
  9914 | Lair:3   | Noticed Josephine
 10272 | Lair:2   | Reached skill level 10 in Fighting
 10272 | Lair:2   | Reached XP level 13. HP: 82/82 MP: 17/17
 10293 | Lair:2   | Reached skill level 13 in Axes
 10439 | Lair:2   | Found a staircase to the Swamp.
 10624 | Lair:3   | Found a hole to the Spider Nest.
 11027 | Lair:4   | Received a gift from Okawaru
 11519 | Lair:4   | Received a gift from Okawaru
 12054 | Lair:5   | Entered Level 5 of the Lair of Beasts
 12259 | Lair:4   | Received a gift from Okawaru
 12260 | Lair:4   | Reached skill level 1 in Long Blades
 12683 | Lair:5   | Found a staircase to the Slime Pits.
 12684 | Lair:5   | Found a viscous altar of Jiyva.
 12702 | Lair:5   | Reached ****** piety under Okawaru
 13081 | Lair:5   | Gained mutation: Your large and strong wings let you fly.
                  | [Gargoyle growth]
 13081 | Lair:5   | Reached XP level 14. HP: 43/90 MP: 19/19
 13096 | Lair:5   | Slain by a polar bear

Illustrated notes

Levels and vault maps discovered:
D:1:      minmay_arrival_nine_rooms, layout_rooms, minmay_misc_feat_plants,
          nicolae_titane
D:2:      layout_basic, shapermc_ecumenical_altar_totnotflames
D:3:      minmay_door_path, layout_basic, st_stairs_6, hangedman_decor_push,
          grunt_ministairs_1, uniq_sigmund
D:4:      layout_rooms
D:5:      lemuel_ice_spiral_2, layout_basic, minmay_temple_entry_arrows,
          serial_shops, nicolae_shop_temple_entry_statues_fountains,
          minmay_strange_pillars, uniq_menkaure
D:6:      layout_loops_ring, serial_bayou_pond_a, supply_closet_lemuel,
          hangedman_abyss_or_decor_jellyfish_corner
D:7:      minmay_bubble_buster, layout_rooms, serial_shops,
          nicolae_shop_crystal, kennysheep_mini, shop_coins,
          nicolae_shop_advertising_works [nicolae_subvault_shop_adworks]
D:8:      layout_loops_ring, okawaru_metal_pillars_1_2,
          grunt_lair_entry_orc_guard_hut, uniq_maggie, uniq_psyche
D:9:      layout_cave_pods, minivault_12, uniq_erica
D:10:     layout_basic
Temple:   mainiacjoe_temple_trianglar_array
Lair:1:   layout_regular_city, lemuel_centaur_altar, infiniplex_staircase_pool
Lair:2:   layout_misc_corridors, nicolae_swamp_entry_spooky,
          beast_lair_carwin_4, grunt_megastairs_5
Lair:3:   layout_cave_shapes, spider_nest_entry_web_field, beast_lair_carwin_9,
          uniq_josephine
Lair:4:   layout_small_grid, chequers_serial_rivers_small_b
Lair:5:   wormcave, layout_small_grid, hangedman_lair_caniforms_friends,
          slime_entry_1, minivault_11, uniq_urug

Skill      XL: |  1  2  3  4  5  6  7  8  9 10 11 12 13 |
---------------+----------------------------------------+-----
Axes           | 2 3 4 5 6 7 9 10 11 12 13 | 13.8
Armour         | 4 5 7 8 9 |  9.8
Shields        | 4 5 6 7 8 9 |  9.9
Fighting       | 4 5 6 7 9 10 11 | 11.2
Stealth        | 2 3 5 7 8 |  8.8
Evocations     | 1 |  1.0
Invocations    | 3 5 7 |  7.9
Long Blades    | 2 |  2.9

Action                     |  1- 3 |  4- 6 |  7- 9 | 10-12 | 13-15 || total
---------------------------+-------+-------+-------+-------+-------++-------
  Melee: War axe           |    77 |   176 |       |       |       ||   253
         Hand axe          |       |       |   384 |   821 |   631 ||  1836
         Scimitar          |       |       |       |     4 |    37 ||    41
  Throw: Boomerang         |       |       |       |       |     1 ||     1
 Invoke: Heroism           |       |       |       |     2 |     2 ||     4
  Evoke: Wand              |       |       |       |     6 |       ||     6
    Use: Potion            |       |     2 |     6 |       |     1 ||     9
         Scroll            |       |       |       |    12 |     2 ||    14
   Stab: Invisible         |       |       |     2 |       |       ||     2
         Sleeping          |       |       |       |     7 |    12 ||    19
         Distracted        |       |       |       |     1 |       ||     1
 Armour: Scale mail        |    45 |    93 |   178 |    94 |       ||   410
         Steam dragon scal |       |       |       |   227 |    99 ||   326
         Ring mail         |       |       |       |       |   171 ||   171
  Dodge: Dodged            |    45 |    74 |   187 |   543 |   504 ||  1353
         Repelled          |       |       |       |     2 |     2 ||     4
  Block: Buckler           |    15 |    39 |    87 |   252 |   206 ||   599

Table legend: (Time is in decaauts)
 A = Elapsed time spent in this place.
 B = Non-inter-level travel time spent in this place.
 C = Inter-level travel time spent in this place.
 D = Time resting spent in this place.
 E = Time spent auto-exploring this place.
 F = Levels seen in this place.
 G = Mean time per level.
                   A        B        C        D        E       F      G
               +--------+--------+--------+--------+--------+-----+--------+
         Total |  12834 |  12245 |    589 |    290 |   8193 |  16 |  802.1 |
       Dungeon |   7955 |   7543 |    412 |    267 |   5014 |  10 |  795.5 |
        Temple |    394 |    372 |     22 |      0 |    371 |   1 |  394.0 |
          Lair |   4484 |   4329 |    155 |     23 |   2807 |   5 |  896.8 |
               +--------+--------+--------+--------+--------+-----+--------+

Top non-repeatable levels by time:
     D:3: 1151 daAuts
  Lair:2: 1095 daAuts
  Lair:4: 1056 daAuts
     D:8: 1056 daAuts
  Lair:1: 966 daAuts
     D:5: 883 daAuts
  Lair:5: 875 daAuts
     D:6: 870 daAuts
     D:9: 799 daAuts
     D:7: 740 daAuts
     D:2: 709 daAuts
     D:4: 632 daAuts
     D:1: 559 daAuts
    D:10: 550 daAuts
  Lair:3: 490 daAuts
